 Dungeon Crawl Stone Soup version 0.31-a0-986-g5e6e4ef867 (webtiles) character file.

Game seed: 4247464268211474621

153 wildpjah the Covered (level 5, -10/33 HPs)
             Began as a Tengu Fighter on Nov 20, 2023.
             Mangled by Sigmund
             ... wielding a +7 scythe of protection
              (12 damage)
             ... on level 3 of the Dungeon.
             The game lasted 00:03:05 (1941 turns).

wildpjah the Covered (Tengu Fighter)                Turns: 1941, Time: 00:03:05

Health: -10/33     AC:  8    Str: 17    XL:     5   Next: 35%
Magic:  6/6        EV:  9    Int:  8    God:
Gold:   109        SH:  5    Dex: 15    Spells: 4/4 levels left

rFire   . . .        p - +4 falchion
rCold   . . .        c - +0 buckler
rNeg    . . .        b - +0 scale mail
rPois   .            (helmet restricted)
rElec   .            (no cloak)
rCorr   .            i - +0 pair of gloves
SInv    .            (boots unavailable)
Will    .....        (no amulet) Stlth
                     (no ring)
HPRegen 0.25/turn    (no ring)
MPRegen 0.10/turn

%: acrobat
@: mighty
A: beak, talons 3, acrobatic
a: no special abilities


You were on level 3 of the Dungeon.
You visited 1 branch of the dungeon, and saw 3 of its levels.

You collected 109 gold pieces.

Inventory:

Hand Weapons
 a - a +0 long sword
 p - a +4 falchion (weapon)
Missiles
 n - a throwing net
Armour
 b - a +0 scale mail (worn)
 c - a +0 buckler (worn)
 i - a +0 pair of gloves (worn)
Jewellery
 e - a ring of protection from cold
Scrolls
 f - 2 scrolls of revelation {unknown}
 g - a scroll of immolation {unknown}
 h - a scroll of amnesia {unknown}
 l - 2 scrolls of identify {unknown}
Potions
 j - a potion of haste {unknown}
 k - a potion of brilliance {unknown}
 m - a potion of enlightenment {unknown}
 o - a potion of experience {unknown}
 q - a potion of lignification {unknown}


   Skills:
 + Level 3.8 Fighting
 + Level 3.8 Long Blades
 + Level 4.2 Armour
 + Level 3.7 Shields


You had 4 spell levels left.
You didn't know any spells.
Your spell library was empty.

Dungeon Overview and Level Annotations

Branches:
Dungeon (3/15)

Altars:
Zin

Shops:
D:2 *(!

Annotations:
D:3 Sigmund


Innate Abilities, Weirdness & Mutations

You have a beak for a mouth.
You have claws for feet.
You can magically evade attacks while moving or waiting.


Message History

The adder hisses angrily.
You hit Sigmund.
Sigmund is lightly wounded.
Sigmund looks at you with fury.
Sigmund hits you with a +7 scythe of protection.
An endoplasm comes into view.
You closely miss Sigmund.
The endoplasm quivers.
Your peck misses Sigmund.
Sigmund is lightly wounded.
Sigmund hits you with a +7 scythe of protection!
The adder closely misses you. The adder attacks as it pursues you!
The adder completely misses you. Sigmund closely misses you.
The adder barely misses you. The adder attacks as it pursues you!
The adder misses you.
You miss the adder. Your kick misses the adder. The adder barely misses you. x2
Sigmund hits you from afar with a +7 scythe of protection.
You hit the adder. You claw the adder. You peck the adder.
The adder is almost dead.
The adder bites you.
You are poisoned.
The adder poisons you!
You slash the adder!
You kill the adder!
You feel sick.
Sigmund mumbles some strange words.
Sigmund flickers and vanishes!
Deactivating autopickup; reactivate with Ctrl-A.
You feel very mighty all of a sudden.
You feel sick. Something hits you.
* * * LOW HITPOINT WARNING * * *
* * * LOW HITPOINT WARNING * * *
You feel sick.
You are no longer poisoned.
You block something's attack.
You see here an adder corpse.
You miss something. You claw something. You miss something. Something hits you!
You die...

## .. ##########.
............
......... ..
..J.....# #. #J# .
#{# .#####
####@####....#
#......##....########
#......'.............
#......##....##.#####
#......##....###....#
#......##...#.......#
#......##..##.P.....#
#########.#....P..P.#
#.#...P....._


You could see an endoplasm.

Vanquished Creatures
  A sleepcap (D:2)
  4 adders (D:3)
  3 gnolls (D:2)
  4 dart slugs
  7 ball pythons
  6 bats
  4 endoplasms
  2 giant cockroaches
  4 goblins
  4 hobgoblins
  4 jackals (D:1)
  4 quokkas
  2 kobolds
  3 rats
52 creatures vanquished.

Notes
Turn   | Place    | Note
-------+----------+-------------------------------------------
     0 | D:1      | wildpjah the Tengu Fighter began the quest for the Orb.
     0 | D:1      | Reached XP level 1. HP: 14/14 MP: 2/2
   188 | D:1      | Reached XP level 2. HP: 19/19 MP: 3/3
   485 | D:2      | Reached XP level 3. HP: 23/23 MP: 4/4
   500 | D:2      | Found a glowing silver altar of Zin.
   637 | D:2      | Found Qeomify's Antique Weapon Shoppe.
   821 | D:2      | Reached XP level 4. HP: 28/28 MP: 5/5
   956 | D:2      | Identified the +4 mace of Pestilence {vamp, +Blink Int-2
                  | Dex+3}
   962 | D:2      | Reached skill level 4 in Armour
  1047 | D:2      | Found Okhul's Distillery.
  1157 | D:2      | Found Hopsytte's Assorted Antiques.
  1837 | D:3      | Found a faded altar of an unknown god.
  1841 | D:3      | Reached XP level 5. HP: 33/33 MP: 6/6
  1925 | D:3      | Noticed Sigmund
  1939 | D:3      | HP: 1/33 [poisoned by an adder]
  1941 | D:3      | Mangled by Sigmund

Illustrated notes

Levels and vault maps discovered:
D:1:      wander_arrival_fairy_ring, layout_rooms,
          nicolae_concentric_dashed_squares_mild, nrook_mini_backslash,
          minmay_misc_feat_five, chequers_arboretum
D:2:      minmay_inner_zag, layout_loops_corners, basic_altar, serial_shops,
          nicolae_shop_gibbet_a_chance, nicolae_lakefront_shop,
          nicolae_shop_overgrown_old_shop, amcnicky_mini_corridor_feature
D:3:      layout_basic, shapermc_ecumenical_altar_gd, uniq_sigmund, uniq_grinder

Skill      XL: |  1  2  3  4 |
---------------+-------------+-----
Long Blades    | 3 |  3.8
Armour         | 4 |  4.2
Fighting       | |  3.8
Shields        | |  3.7

Action                     |  1- 3 |  4- 6 || total
---------------------------+-------+-------++-------
  Melee: Long sword        |    54 |    44 ||    98
         Kick              |    22 |    14 ||    36
         Peck              |     9 |     5 ||    14
         Falchion          |       |    26 ||    26
    Use: Potion            |       |     1 ||     1
 Armour: Scale mail        |    21 |    36 ||    57
  Dodge: Dodged            |    34 |    47 ||    81
  Block: Buckler           |    16 |    16 ||    32

Table legend: (Time is in decaauts)
 A = Elapsed time spent in this place.
 B = Non-inter-level travel time spent in this place.
 C = Inter-level travel time spent in this place.
 D = Time resting spent in this place.
 E = Time spent auto-exploring this place.
 F = Levels seen in this place.
 G = Mean time per level.
                   A        B        C        D        E       F      G
               +--------+--------+--------+--------+--------+-----+--------+
         Total |   1974 |   1957 |     17 |      0 |   1610 |   3 |  658.0 |
       Dungeon |   1974 |   1957 |     17 |      0 |   1610 |   3 |  658.0 |
               +--------+--------+--------+--------+--------+-----+--------+

Top non-repeatable levels by time:
     D:2: 1023 daAuts
     D:1: 486 daAuts
     D:3: 463 daAuts
